 Dungeon Crawl Stone Soup version 0.22-a0-135-g6f012ad (webtiles) character file.

915 varam the Twirler (level 7, -7/55 HPs)
             Began as a Demonspawn Gladiator on Jan 31, 2018.
             Killed from afar by an orc wizard (9 damage)
             ... with a puff of flame
             ... on level 5 of the Dungeon.
             The game lasted 00:09:21 (4968 turns).

varam the Twirler (Demonspawn Gladiator)            Turns: 4968, Time: 00:09:22

Health: -7/55      AC:  4    Str: 14    XL:     7   Next: 82%
Magic:  0/8        EV: 20    Int: 10    God:
Gold:   227        SH:  0    Dex: 21    Spells: 6/6 levels left

rFire    x . .     SeeInvis .   a - +0 quarterstaff
rCold    + . .     Gourm    .   (shield currently unavailable)
rNeg     . . .     Faith    .   b - +0 leather armour
rPois    .         Spirit   +   c - +0 helmet
rElec    .         Reflect  .   (no cloak)
rCorr    .         Harm     .   (no gloves)
MR       .....                  (boots unavailable)
Stlth    +++.......             (no amulet)
HPRegen  0.18/turn              k - ring of ice
MPRegen  0.11/turn              (no ring)

@: agile
A: hooves 3, nightstalker 1, magic shield
a: no special abilities


You were on level 5 of the Dungeon.
You were not hungry.

You visited 1 branch of the dungeon, and saw 5 of its levels.

You collected 227 gold pieces.

Inventory:

Hand Weapons
 a - a +0 quarterstaff (weapon)
Missiles
 d - 2 throwing nets (quivered)
 g - 230 stones
Armour
 b - a +0 leather armour (worn)
 c - a +0 helmet (worn)
 s - a cursed +0 robe
 B - a +0 cloak
Jewellery
 k - a ring of ice (left hand)
Wands
 t - a wand of disintegration (11)
 u - a wand of paralysis (5)
Scrolls
 h - 4 scrolls of identify
 i - a scroll of teleportation {unknown}
 j - 2 scrolls of magic mapping
 m - 2 scrolls of enchant armour {unknown}
 v - a scroll of enchant weapon {unknown}
 x - 5 scrolls of remove curse {unknown}
 y - a scroll of amnesia {unknown}
 z - a scroll of fog {unknown}
Potions
 e - a potion of agility
 l - 2 potions of haste {unknown}
 n - 2 potions of lignification {unknown}
 o - a potion of mutation {unknown}
 p - a potion of resistance {unknown}
 q - a potion of berserk rage {unknown}
 r - 2 potions of curing {unknown}
 w - a potion of brilliance {unknown}
 A - a potion of magic {unknown}
Comestibles
 f - 7 rations
 C - 2 chunks of flesh


   Skills:
 + Level 4.4 Fighting
 * Level 5.8 Staves
 - Level 3.0 Throwing
 + Level 4.5 Dodging
 + Level 2.4 Evocations


You had 6 spell levels left.
You didn't know any spells.

Dungeon Overview and Level Annotations

Branches:
Dungeon (5/15)
 Temple: D:4-7

Altars:
Kikubaaqudgha
Makhleb
Trog
Yredelemnul

Shops:
D:4 }   D:5 (

Annotations:
D:5 Eustachio


Innate Abilities, Weirdness & Mutations

You have hooves in place of feet.
You are slightly more attuned to the shadows.
When hurt, damage is shared between your health and your magic reserves.


Message History

The orc priest misses you.
You hit the orc priest but do no damage.
The orc priest is moderately wounded.
You feel yourself speed up. Something barely misses you.
The orc priest closely misses you.
As you read the scroll labeled QIMUUG ISIGIMN, it crumbles to dust.
It is a scroll of identify.
j - 2 scrolls of magic mapping Something barely misses you.
The orc priest misses you.
You barely miss the orc priest.
The orc priest is moderately wounded.
Something hits you.
* * * LOW HITPOINT WARNING * * *
The orc priest misses you.
Sorry, you're not good enough to have a special ability.
You feel agile all of a sudden.
You hear some strange, mumbled words.
A puff of flame appears from out of thin air!
The puff of flame hits you! The fire burns you terribly!
You die...

.....# .....##
..... .... #..
#o# #@#
#{###########
#)..........#
#...........#
#(..........#
#(.(........#
.............#
..............#
....#####.#####


You could see an orc priest.

Vanquished Creatures
  Purgy (D:3)
  2 ogres (D:4)
  A scorpion (D:5)
  2 crimson imps
  3 orc priests
  A bullfrog skeleton (D:4)
  2 centaur skeletons
  3 orc wizards
  Terence (D:2)
  A worker ant (D:4)
  Robin (D:3)
  3 gnolls (D:2)
  5 adders
  A shadow imp (D:5)
  2 oozes (D:3)
  2 worms
  2 dart slugs
  2 leopard geckos
  20 orcs
  2 ball pythons
  6 bats
  2 giant cockroaches
  9 goblins
  9 hobgoblins
  13 jackals
  5 kobolds
  3 quokkas
  5 frilled lizards
  A jackal skeleton (D:5)
  A jackal zombie (D:5)
  A quokka skeleton (D:5)
  3 rats
115 creatures vanquished.

Notes
Turn   | Place    | Note
-------+----------+-------------------------------------------
     0 | D:1      | varam the Demonspawn Gladiator began the quest for the Orb.
     0 | D:1      | Reached XP level 1. HP: 16/16 MP: 1/1
   327 | D:1      | Gained mutation: You have large cloven feet. [demonic ancestry]
   327 | D:1      | Reached XP level 2. HP: 21/22 MP: 2/2
   624 | D:2      | Reached skill level 2 in Throwing
   640 | D:2      | Reached skill level 3 in Staves
   779 | D:2      | Found an ancient bone altar of Kikubaaqudgha.
  1284 | D:2      | Gained mutation: You have hoof-like feet. [demonic ancestry]
  1284 | D:2      | Reached XP level 3. HP: 23/28 MP: 3/3
  1337 | D:2      | Reached skill level 3 in Dodging
  1449 | D:2      | Noticed Terence
  1457 | D:2      | Killed Terence
  1593 | D:2      | Reached XP level 4. HP: 33/34 MP: 4/4
  2127 | D:2      | HP: 1/34 [quokka (3)]
  2163 | D:2      | HP: 3/34 [quokka (2)]
  2183 | D:2      | HP: 3/34 [quokka (2)]
  2606 | D:3      | Noticed Robin
  2627 | D:3      | Killed Robin
  2637 | D:3      | Gained mutation: You have hooves in place of feet. [demonic ancestry]
  2637 | D:3      | Reached XP level 5. HP: 10/40 MP: 5/5
  2802 | D:3      | Reached skill level 3 in Fighting
  2849 | D:3      | Paralysed by an orc for 2 turns
  2897 | D:3      | Reached skill level 4 in Staves
  3068 | D:3      | Noticed Purgy
  3088 | D:3      | Killed Purgy
  3088 | D:3      | Reached skill level 3 in Throwing
  3334 | D:3      | Gained mutation: You are slightly more attuned to the shadows. [demonic ancestry]
  3334 | D:3      | Reached XP level 6. HP: 47/47 MP: 6/6
  3589 | D:4      | Found Kiuh's Gadget Shop.
  3896 | D:4      | Reached skill level 1 in Evocations
  3902 | D:4      | Reached skill level 5 in Staves
  3902 | D:4      | Reached skill level 4 in Dodging
  4149 | D:4      | Gained mutation: When hurt, damage is shared between your health and your magic reserves. [demonic ancestry]
  4149 | D:4      | Reached XP level 7. HP: 50/53 MP: 7/7
  4158 | D:4      | Reached skill level 4 in Fighting
  4482 | D:4      | Found a burning altar of Makhleb.
  4559 | D:5      | Entered Level 5 of the Dungeon
  4651 | D:5      | Found a basalt altar of Yredelemnul.
  4653 | D:5      | Found a bloodstained altar of Trog.
  4706 | D:5      | Found Zemut's Weapon Shop.
  4731 | D:5      | Reached skill level 2 in Evocations
  4812 | D:5      | Noticed Eustachio
  4964 | D:5      | HP: 4/55 [orc priest/divine providence (6)]
  4968 | D:5      | Killed from afar by an orc wizard

Vault maps used:
D:1:      shiori_shiawase
D:2:      old_standard_altar, grunt_ministairs_1, uniq_terence
D:3:      first_ration, uniq_purgy, uniq_robin
D:4:      makhleb_grotto_becter, serial_shops, shop, fountainhead
D:5:      dancing_weapons_uskayaw, nicolae_overflow_hidden_temple, serial_shops,
          shop, uniq_eustachio

Skill      XL: |  1  2  3  4  5  6  7 |
---------------+----------------------+-----
Throwing       | 2 3 |  3.0
Staves         | 3 4 5 |  5.8
Dodging        | 3 4 |  4.5
Fighting       | 3 4 |  4.4
Evocations     | 1 2 |  2.4

Action                   |  1- 3 |  4- 6 |  7- 9 || total
-------------------------+-------+-------+-------++-------
Melee: Quarterstaff      |    74 |   194 |    92 ||   360
       Kick              |    16 |    51 |    33 ||   100
Throw: Throwing net      |     2 |       |       ||     2
Evoke: Wand              |       |     1 |       ||     1
  Use: Scroll            |       |       |     1 ||     1
       Potion            |       |       |     1 ||     1
 Stab: Sleeping          |       |     1 |       ||     1
  Eat: Chunk             |     2 |     8 |     3 ||    13
Armor: Leather armour    |    16 |    54 |    16 ||    86
Dodge: Dodged            |    55 |   176 |    69 ||   300

Table legend:
 A = Spawn XP
 B = Non-spawn XP
 C = Spawn XP percentage of total XP
 D = Spawn monster count
 E = Non-spawn monster count
 F = Spawn count percentage of total count
 G = Total turns spent on level
                    A         B        C        D         E        F      G
               +---------+---------+-------+---------+---------+-------+---------
         Total |       0 |    1308 |   0.0 |       0 |     115 |   0.0 |  4968
               +---------+---------+-------+---------+---------+-------+---------
           D:1 |       0 |      14 |   0.0 |       0 |       6 |   0.0 |   903
           D:2 |       0 |     136 |   0.0 |       0 |      24 |   0.0 |  1588
           D:3 |       0 |     230 |   0.0 |       0 |      37 |   0.0 |   928
           D:4 |       0 |     646 |   0.0 |       0 |      33 |   0.0 |  1140
           D:5 |       0 |     282 |   0.0 |       0 |      15 |   0.0 |   409
               +---------+---------+-------+---------+---------+-------+---------
